 Dungeon Crawl Stone Soup version 0.26-a0-833-g7262b39652 (webtiles) character file.

Game seed: 1044974517692883856

2207 ANON1729 the Grave Robber (level 9, -3/65 HPs)
             Began as a Mummy Necromancer on Nov 16, 2020.
             Slain by a hog (9 damage)
             ... on level 7 of the Dungeon.
             The game lasted 00:19:27 (11202 turns).

ANON1729 the Grave Robber (Mummy Necromancer)      Turns: 11202, Time: 00:19:28

Health: -3/65      AC:  3    Str: 11    XL:     9   Next: 13%
Magic:  0/18       EV: 14    Int: 18    God:
Gold:   517        SH:  0    Dex: 12    Spells: 6/20 levels left

rFire    x . .     SeeInvis .   j - +2 dagger (vamp)
rCold    + . .     Faith    .   (no shield)
rNeg     + + +     Spirit   .   a - +0 robe
rPois    ∞         Reflect  .   k - +1 hat
rElec    .         Harm     .   (no cloak)
rCorr    .         Rampage  .   (no gloves)
MR       +....                  (no boots)
Stlth    +++.......             (no amulet)
HPRegen  0.20/turn              (no ring)
MPRegen  0.16/turn              (no ring)

@: no status effects
A: no potions, fire vulnerability, cold resistance 1, negative energy resistance
3, torment resistance, unbreathing
a: no special abilities


You were on level 7 of the Dungeon.
You visited 2 branches of the dungeon, and saw 8 of its levels.

You collected 517 gold pieces.

Inventory:

Hand Weapons
 f - a +0 spear
 j - a +2 vampiric dagger (weapon)
 l - a +0 spear of venom
Missiles
 n - 18 poisoned darts (quivered)
Armour
 a - a +0 robe (worn)
 k - a +1 hat (worn)
Wands
 m - a wand of flame (2)
Scrolls
 b - 5 scrolls of remove curse {unknown}
 c - 2 scrolls of random uselessness {unknown}
 d - 5 scrolls of enchant armour
 e - 2 scrolls of enchant weapon
 g - 4 scrolls of identify
 h - 4 scrolls of magic mapping
 i - a scroll of teleportation
 o - a scroll of blinking {unknown}


   Skills:
 + Level 3.8 Fighting
 + Level 3.2 Short Blades
 + Level 4.3 Dodging
 + Level 4.6 Stealth
 + Level 6.4 Spellcasting
 * Level 7.5 Necromancy


You had 6 spell levels left.
You knew the following spells:

 Your Spells              Type           Power        Failure   Level
a - Pain                  Necr           ####         1%          1
b - Animate Skeleton      Necr           ####..       1%          1
c - Vampiric Draining     Necr           ####......   1%          3
d - Animate Dead          Necr           ####......   4%          4
e - Agony                 Necr           ####....     14%         5

Your spell library contained the following spells:

 Spells                   Type           Power        Failure   Level


Dungeon Overview and Level Annotations

Branches:
Dungeon (7/15)             Temple (1/1) D:4

Altars:
Ashenzari
Cheibriados
Dithmenos
Elyvilon
Gozag
Hepliaklqana
Kikubaaqudgha
Makhleb
Nemelex Xobeh
Okawaru
Qazlal
Sif Muna
Trog
Uskayaw
Vehumet
Xom
Yredelemnul
Zin
The Shining One

Shops:
D:2 *

Annotations:
D:5 3 runed translucent doors, EWolf27's ghost, novice DEIE
D:6 1 runed translucent door, exclusion: steam dragon, chipmonk's ghost, novice HOFi
D:7 exclusion: zombie


Innate Abilities, Weirdness & Mutations

You do not drink.
Your flesh is vulnerable to fire.
You are immune to poison.
Your flesh is cold resistant. (rC+)
You are immune to negative energy. (rN+++)
You are immune to unholy pain and torment.
You can survive without breathing.


Message History

* * * LOW HITPOINT WARNING * * *
There is an open door here.
The hog completely misses you.
Casting: Pain (safe; 1% risk of failure)
Confirm with . or Enter, or press ? or * to list all spells.
Aiming: Vampiric Draining (safe; 1% risk of failure)
Press: ? - help, Shift-Dir - straight line, f/p - hog
Aim: a hog (heavily wounded)
The hog is almost dead.
You feel life coursing into your body.
The human shouts!
You hear an angry hiss.
The hog closely misses you.
Evoke which item? (* to show all) (? for menu, Esc to quit)
Aiming: Throw Flame
Press: ? - help, Shift-Dir - straight line, f/p - hog
Aim: a hog (almost dead)
The puff of flame hits the hog.
The hog is almost dead.
The hog bites you!
You die...

.##
..#........h.....##.........
##
..Z#[......####...##.#.....#.
##.....## #...##.#######
#...#######...# .#
#..##.?...'...# ##
.....#.....#...# .##
.....###p###....... ..##
#...#...h.######.# ...#
#...#...h@# # ...###
#...####### .....# ..#....
...).# #...# ###.)####...#
#......##...#####
.......##.#......
............#####
.................


You could see 2 hogs and a human.

Vanquished Creatures
  4 yaks
  A hog (D:7)
  2 sky beasts (D:6)
  A phantom (D:6)
  An ogre (D:5)
  2 centaurs
  2 bullfrogs (D:6)
  A scorpion (D:6)
  A hound (D:4)
  A jelly (D:7)
  An orc priest (D:3)
  A bullfrog skeleton (D:4)
  An iguana (D:4)
  11 orc wizards
  3 worker ants
  A hound zombie (D:6)
  4 gnolls
  7 adders
  A shadow imp (D:5)
  An ooze (D:2)
  2 adder skeletons
  4 worms
  5 dart slugs
  5 leopard geckos
  15 orcs
  4 giant cockroaches
  11 goblins
  9 hobgoblins
  8 jackals
  3 quokkas
  A ball python (D:3)
  A ball python skeleton (D:4)
  13 bats
  6 frilled lizards
  12 kobolds
  A leopard gecko skeleton (D:4)
  4 quokka skeletons
  6 rats
157 creatures vanquished.

Notes
Turn   | Place    | Note
-------+----------+-------------------------------------------
     0 | D:1      | ANON1729 the Mummy Necromancer began the quest for the Orb.
     0 | D:1      | Reached XP level 1. HP: 13/13 MP: 4/4
   239 | D:1      | Learned a level 1 spell: Animate Skeleton
   300 | D:1      | Reached XP level 2. HP: 19/19 MP: 3/5
   561 | D:2      | Reached XP level 3. HP: 4/24 MP: 0/7
   808 | D:2      | Learned a level 3 spell: Vampiric Draining
   960 | D:2      | Found Zin's Purification Station.
   962 | D:2      | Found a glowing silver altar of Zin.
  1310 | D:2      | Found a sparkling altar of Nemelex Xobeh.
  1593 | D:2      | Found a hazy altar of Hepliaklqana.
  1712 | D:2      | Reached XP level 4. HP: 11/30 MP: 7/9
  3656 | D:3      | Reached XP level 5. HP: 35/35 MP: 10/10
  4254 | D:3      | Found a bloodstained altar of Trog.
  4753 | D:4      | Reached skill level 5 in Necromancy
  4753 | D:4      | Reached XP level 6. HP: 20/42 MP: 9/12
  5221 | D:4      | Reached skill level 1 in Fighting
  5443 | D:4      | Found a staircase to the Ecumenical Temple.
  5630 | Temple   | Entered the Ecumenical Temple
  6043 | D:4      | Reached skill level 1 in Short Blades
  6180 | D:4      | Found an opulent altar of Gozag.
  6278 | D:5      | Entered Level 5 of the Dungeon
  6605 | D:5      | Found an iron altar of Okawaru.
  7398 | D:5      | Reached XP level 7. HP: 19/48 MP: 6/14
  7838 | D:5      | Found an ancient bone altar of Kikubaaqudgha.
  7843 | D:5      | Found a runed translucent gate.
  7844 | D:5      | Found a runed translucent gate.
  7845 | D:5      | Found a runed translucent gate.
  7851 | D:5      | Noticed EWolf27's ghost (novice DEIE)
  7954 | D:6      | Reached skill level 5 in Spellcasting
  8205 | D:6      | Learned a level 4 spell: Animate Dead
  8211 | D:6      | Learned a level 5 spell: Agony
  8218 | D:6      | Reached skill level 6 in Necromancy
  8696 | D:6      | Reached XP level 8. HP: 40/57 MP: 14/16
  9403 | D:6      | Found a glowing golden altar of the Shining One.
  9755 | D:5      | Reached skill level 7 in Necromancy
 10564 | D:6      | Found a runed translucent door.
 10565 | D:6      | Noticed chipmonk's ghost (novice HOFi)
 10799 | D:7      | Reached XP level 9. HP: 46/64 MP: 0/18
 11198 | D:7      | HP: 1/65 [hog (4)]
 11202 | D:7      | Slain by a hog

Illustrated notes

Levels and vault maps discovered:
D:1:      psy_arrival_heroes, layout_loops_ring, minmay_misc_feat_rows
D:2:      layout_basic, zin_purify, lemuel_round_altar,
          nemelex_xobeh_ov_fountains_minmay
D:3:      layout_basic, trog_hazing_becter
D:4:      layout_rooms, old_standard_altar, temple_green
D:5:      layout_loops_ring, overflow_temple_1_default, lemuel_crystal_altar,
          gammafunk_ghost_necromancy
D:6:      layout_layer_cave, tso_metal_star, ebering_ghost_sewer_d, st_stairs_14
D:7:      minmay_flawed_box, layout_rooms, lemuel_doored_altar,
          lemuel_coloured_pillars_altar, minmay_misc_feat_x,
          hangedman_decor_riveting, grunt_livestock
Temple:   minmay_temple_forest_path

Skill      XL: |  1  2  3  4  5  6  7  8 |
---------------+-------------------------+-----
Spellcasting   | 3 4 5 6 |  6.4
Dodging        | 2 3 4 |  4.3
Stealth        | 2 3 4 |  4.6
Necromancy     | 5 6 7 |  7.5
Fighting       | 1 2 3 |  3.8
Short Blades   | 1 2 3 |  3.2

Action                   |  1- 3 |  4- 6 |  7- 9 || total
-------------------------+-------+-------+-------++-------
Melee: Unarmed           |    42 |       |       ||    42
       Spear             |    25 |    31 |       ||    56
       Dagger            |       |   325 |    95 ||   420
Throw: Dart              |       |       |     1 ||     1
 Cast: Pain              |    70 |    45 |   103 ||   218
       Animate Skeleton  |     1 |       |     1 ||     2
       Vampiric Draining |       |    12 |    24 ||    36
Evoke: Wand              |       |       |    13 ||    13
  Use: Scroll            |       |     6 |       ||     6
 Stab: Sleeping          |     1 |    11 |     3 ||    15
       Distracted        |       |     1 |       ||     1
Armor: Robe              |    26 |    57 |    15 ||    98
Dodge: Dodged            |    61 |   244 |    91 ||   396

Table legend: (Time is in decaauts)
 A = Elapsed time spent in this place.
 B = Non-inter-level travel time spent in this place.
 C = Inter-level travel time spent in this place.
 D = Time resting spent in this place.
 E = Time spent auto-exploring this place.
 F = Levels seen in this place.
 G = Mean time per level.
                   A        B        C        D        E       F      G
               +--------+--------+--------+--------+--------+-----+--------+
         Total |  11200 |  10845 |    355 |   3424 |   5778 |   8 | 1400.0 |
       Dungeon |  10856 |  10555 |    301 |   3424 |   5488 |   7 | 1550.9 |
        Temple |    343 |    290 |     53 |      0 |    290 |   1 |  343.0 |
               +--------+--------+--------+--------+--------+-----+--------+

Top non-repeatable levels by time:
     D:6: 2490 daAuts
     D:2: 2135 daAuts
     D:4: 1701 daAuts
     D:3: 1521 daAuts
     D:5: 1351 daAuts
     D:1: 1146 daAuts
     D:7: 510 daAuts
  Temple: 343 daAuts
